[Event "ESP-ch Teams Honor 2024"]
[Site "Melilla"]
[Date "2024.10.14"]
[Round "3.7"]
[White "Alekseenko, Kirill"]
[Black "Pranav, V."]
[Result "1-0"]
[ECO "C55"]
[WhiteElo "2679"]
[BlackElo "2609"]
[Annotator "TA"]
[PlyCount "89"]
[EventDate "2024.10.11"]
[EventType "team-tourn"]
[EventCountry "ESP"]
[SourceTitle "playchess.com"]
[Source "ChessBase"]
[SourceQuality "1"]
[WhiteTeam "Silla"]
[BlackTeam "Benalmadena"]
[TimeControl "5400+30"]

1. e4 e5 2. Nf3 Nc6 3. Bc4 Nf6 4. d3 Be7 5. O-O O-O 6. Bb3 a5 7. Nc3 d6 8. a4 Be6 {[%emt 0:03:21] The position is equal.} 9. Nd5 Bxd5 10. exd5 Nb4 11. d4 Nbxd5 12. dxe5 dxe5 13. Nxe5 c6 14. Qf3 Qc7 15. Nc4 Rfe8 16. Bd2 Bb4 17. c3 Bc5 18. Bc2 Rad8 (18... Nb6 {simplifies} 19. Nxb6 Qxb6 20. b3 Re6) 19. Bg5 h6 20. Bh4 Qf4 21. Qxf4 (21. Nxa5 $2 Qxh4 22. g3 Qg4 23. Qxg4 Nxg4 $19) (21. Bxf6 {simplifies} Qxf3 22. gxf3 Nxf6 23. Nxa5 Rd2 24. Bd1) 21... Nxf4 22. Nxa5 Rd2 23. Bd1 g5 $1 ({Reject} 23... Rxb2 $6 24. Nc4 Rbe2 25. Bxf6 gxf6 26. Bxe2 Nxe2+ 27. Kh1 Nxc3 28. Na5 $16) 24. b4 Ba7 (24... gxh4 {simplifies} 25. bxc5 h3 26. Nc4 hxg2 27. Nxd2 gxf1=R+ 28. Kxf1 Rd8) 25. Bg3 Ne4 26. Nxb7 $2 {[%emt 0:05:17] [#]} (26. Bxf4 $11 gxf4 27. Nxb7) 26... Nd3 $2 (26... Nxc3 27. Bf3 Nfe2+ 28. Kh1 $11) ({Black should play} 26... Nxg3 $1 $19 27. hxg3 Bxf2+ 28. Rxf2 Re1+ 29. Kh2 Rxf2 30. gxf4 gxf4) 27. Bf3 $11 {[%emt 0:04:37] aiming for Bxe4.} Nxc3 {[%emt 0:05:06] [#]} 28. b5 $1 cxb5 29. axb5 {[%emt 0:00:03] Nd6 is the strong threat.} Nxb5 30. Ra5 $1 Rb2 {[%emt 0:02:31] Black is on the road to losing.} (30... f5 $1 $14) 31. Bc6 $1 $36 {[%emt 0:00:45][%csl LRb5,LRe8][%mdl 2048] White is really pushing.} Nd4 32. Bxe8 {[%emt 0:00:49] A strong pair of Bishops.} Rxb7 33. h3 f5 $2 (33... Ne2+ 34. Kh2 Kf8) 34. Bg6 Bb6 35. Rb1 {[%emt 0:01:12] Hoping for Ra6.} Ne2+ (35... Nf3+ $142 36. Kh1 Nd2) 36. Kf1 Nc3 37. Rb3 ({Stronger than} 37. Rxf5 Nxb1 38. Rd5 Nb4 $11) 37... Re7 $2 (37... Ne4 {was worth a try.}) 38. Ra1 (38. Rxb6 $2 Re1#) 38... Bd4 39. Bxf5 Nc5 40. Rb8+ Kg7 41. Re1 Ra7 (41... N5e4 $142 42. Bxe4 Nxe4) 42. Be5+ {[%emt 0:00:38] White is clearly winning.} Bxe5 43. Rxe5 Kf6 (43... Ra1+ $142 44. Re1 Rxe1+ 45. Kxe1 N3e4 46. Bxe4 Nxe4 47. Rb7+ Kg8) 44. Rxc5 {[%emt 0:00:18] Rb6+ would kill now.} Ra1+ {[%emt 0:00:03] [#]} 45. Bb1 $1 {[%emt 0:00:07] Weighted Error Value: White=0.31/Black=0.46.  Loses game:     	White=1     	---        Missed win:     	---       	Black=1      Mistake:       	---       	Black=6      Inaccurate:     	White=2     	Black=1      OK:         	White=15    	Black=12     Best:        	White=2     	Black=2      Strong:       	White=1     	Black=1} 1-0

[Event "ESP-ch Teams Honor 2024"]
[Site "Melilla"]
[Date "2024.10.14"]
[Round "3.9"]
[White "Korobov, Anton"]
[Black "Grigoryan, Karen H."]
[Result "0-1"]
[ECO "A20"]
[WhiteElo "2660"]
[BlackElo "2582"]
[Annotator "TA"]
[PlyCount "116"]
[EventDate "2024.10.11"]
[EventType "team-tourn"]
[EventCountry "ESP"]
[SourceTitle "playchess.com"]
[Source "ChessBase"]
[SourceQuality "1"]
[WhiteTeam "Silla"]
[BlackTeam "Benalmadena"]
[TimeControl "5400+30"]

1. c4 e5 2. d3 Bb4+ 3. Nd2 a5 4. Ngf3 Nc6 5. a3 Bxd2+ $146 ({Predecessor:} 5... Bc5 6. e3 d6 7. b3 Nf6 8. Bb2 h6 9. d4 exd4 10. exd4 Ba7 11. Qc2 Qe7+ {½-½ Idani,P (2631)-Ikramul,H (2099) BAN-chT Premier 2022 (9.4)}) 6. Nxd2 {[%emt 0:01:49] A20: English Opening: 1...e5.} a4 7. e3 Nge7 8. Be2 d5 9. O-O Be6 10. b4 axb3 11. Nxb3 dxc4 12. dxc4 Qxd1 13. Rxd1 b6 14. Bb2 f6 15. Nd2 O-O 16. c5 bxc5 17. Ne4 c4 18. Bc3 Rfb8 19. a4 Ra7 20. g4 h6 21. Nc5 Bf7 22. Bf3 Na5 23. Rd7 Nec6 24. Rad1 Be8 $1 25. R7d5 (25. Ne6 $5 Bxd7 26. Rxd7 $16) 25... Nb3 26. h4 Ne7 27. Nxb3 $1 Rxb3 28. Rd8 Kf7 29. Rc1 Bxa4 30. g5 hxg5 31. hxg5 Bc6 32. Bh5+ Ke6 $1 33. gxf6 gxf6 34. Bg4+ f5 35. Bd1 (35. Be2 $17 Bb5 36. Rh8) 35... Rba3 $19 36. Be2 Bd5 (36... R7a4 $19 {aiming for ...Nd5.} 37. f4 exf4 38. exf4 Nd5) 37. Rh8 $2 (37. f3 $17) 37... Rxc3 $1 $19 38. Rxc3 Ra1+ 39. Bf1 {[%emt 0:00:03] [#]} Be4 $1 40. Rd8 {[%emt 0:02:42] [#]} Nd5 $1 41. Rxc4 Rxf1+ $1 42. Kxf1 Bd3+ 43. Ke1 Bxc4 44. Kd2 e4 45. Re8+ Kf7 46. Rc8 Bb5 47. Rb8 c6 48. Rc8 Nb4 49. Kc3 (49. Rb8 $142) 49... Nd3 $19 50. Kd4 c5+ 51. Kd5 Ba4 52. Rb8 Ke7 (52... Nxf2 53. Ke5 $19) 53. Rb6 Be8 54. Re6+ Kf8 55. Rb6 Bf7+ 56. Kd6 c4 ({Worse is} 56... Nxf2 57. Ke5 $15) 57. Rc6 Kg7 58. Ke7 Nxf2 (58... Nb4 $142 59. Rc5 c3) 0-1

[Event "ESP-ch Teams Honor 2024"]
[Site "Melilla"]
[Date "2024.10.14"]
[Round "3.10"]
[White "Ladron De Guevara Pinto, Paolo"]
[Black "Yuffa, Daniil"]
[Result "0-1"]
[ECO "B66"]
[WhiteElo "2388"]
[BlackElo "2608"]
[Annotator "TA"]
[PlyCount "112"]
[EventDate "2024.10.11"]
[EventType "team-tourn"]
[EventCountry "ESP"]
[SourceTitle "playchess.com"]
[Source "ChessBase"]
[SourceQuality "1"]
[WhiteTeam "Benalmadena"]
[BlackTeam "Silla"]
[TimeControl "5400+30"]

1. e4 c5 2. Nf3 Nc6 3. Nc3 d6 4. d4 cxd4 5. Nxd4 Nf6 6. Bg5 e6 7. Qd2 a6 8. Nxc6 {[%emt 0:00:25] B66: Sicilian: Richter-Rauzer: 7...a6 8 0-0-0 h6.} bxc6 9. O-O-O Be7 10. Bxf6 gxf6 11. Bc4 Bb7 12. Rhe1 Qc7 13. f4 d5 14. Bb3 O-O-O 15. exd5 cxd5 16. f5 Bd6 $146 ({Predecessor:} 16... d4 17. Ne4 exf5 18. Ng3 Bd6 19. Kb1 f4 20. Nf5 Be5 21. Nh4 Kb8 22. Nf3 Rhe8 {0-1 Hovhannisyan,R (2643)-Czarnota,P (2502) Wch Blitz Warsaw 2021 (20)}) 17. g3 (17. fxe6 $2 Bf4 $19) 17... Rhe8 18. Qh6 Be5 19. fxe6 fxe6 20. Ne2 Kb8 21. Nf4 a5 22. Nd3 Rc8 23. Kb1 Re7 24. Qh4 Ree8 25. Rd2 (25. Rc1 $16) 25... Bd6 26. Qxf6 e5 27. c3 e4 28. Nf4 e3 (28... Rf8 $14 29. Qh4 Bxf4 30. gxf4 Rxf4) 29. Rdd1 $16 (29. Nxd5 $2 exd2 30. Rd1 Qc5 $19) 29... Be5 30. Qf5 d4 (30... Bxf4 $142 31. Qxf4 (31. gxf4 Qb6 $16) 31... Rcd8) 31. Nd5 $2 {[%emt 0:03:50] [#]} (31. cxd4 Bxf4 32. Qxf4 Qxf4 33. gxf4 Bf3 $17) (31. Ne6 $18 Rxe6 32. Bxe6) 31... Bxd5 $1 $17 32. Bxd5 (32. cxd4 $142 Bxb3 33. axb3) 32... dxc3 $17 33. Qc2 cxb2 ({Reject} 33... Qb6 $6 34. Rxe3 Rc5 (34... Qxe3 $2 {perishes.} 35. Qb3+ Kc7 36. Qb7+ Kd6 37. Be4+ Bd4 38. Qd5+ Ke7 39. Rxd4 $18) (34... Qxb2+ 35. Qxb2+ cxb2 36. Be4 $11) 35. Bg2 $11 (35. Qxh7 $2 Qxb2#)) ({Black should play} 33... Bg7 $17 {Threatens to win with ...e2.} 34. bxc3 Qb6+ (34... Bxc3 35. Re2 $17) (34... Qxc3 35. Qxc3 Bxc3 36. Re2 $17) 35. Qb3 Qxb3+ 36. Bxb3 e2 (36... Rxc3 37. Rd7 $11) (36... Bxc3 37. Re2 $17)) 34. Qb3+ $11 Ka7 35. Qxe3+ Qb6 36. Qxb6+ Kxb6 37. Bf7 Re7 38. Bb3 Rc5 39. Re2 Rec7 40. Rxb2 (40. Bc2 $11) 40... Bxb2 $17 41. Kxb2 Re5 42. Rd2 Ra7 43. a4 (43. Ka3 $17) 43... Rc7 $19 44. Rd6+ Rc6 45. Rd2 Kc7 46. Bc2 h6 47. Rf2 Rc4 48. Ka2 Kb6 49. Bb3 Rb4 50. Bc2 Kc5 51. h3 Kd4 52. g4 Kc3 53. Bd1 Re1 54. Bb3 Re3 ({Stronger than} 54... Rxb3 55. Rf3+ Kb4 56. Rf4+ Kc5 57. Kxb3 $11) 55. Bd1 Rxh3 56. Rg2 Rd3 0-1

[Event "ESP-ch Teams Honor 2024"]
[Site "Melilla"]
[Date "2024.10.14"]
[Round "3.11"]
[White "Alonso Rosell, Alvar"]
[Black "Lin, Yingrui"]
[Result "1/2-1/2"]
[ECO "A13"]
[WhiteElo "2550"]
[BlackElo "2378"]
[Annotator "TA"]
[PlyCount "113"]
[EventDate "2024.10.11"]
[EventType "team-tourn"]
[EventCountry "ESP"]
[SourceTitle "playchess.com"]
[Source "ChessBase"]
[SourceQuality "1"]
[WhiteTeam "Silla"]
[BlackTeam "Benalmadena"]
[TimeControl "5400+30"]

1. Nf3 Nf6 2. g3 e6 3. c4 d5 4. b3 b6 5. cxd5 exd5 6. Bg2 Bd6 7. O-O O-O 8. Bb2 Nbd7 9. Nc3 Re8 10. Rc1 a6 11. Re1 Bb7 12. e3 c5 13. d4 c4 14. a4 h5 15. Nd2 cxb3 16. Qxb3 Ne4 17. Ncxe4 dxe4 18. Ba3 Bb8 19. Rc3 Nf6 20. Rec1 h4 21. Qb1 hxg3 22. hxg3 Nd5 23. Rb3 f5 24. Nc4 Bc7 25. Na5 Bc8 26. Nc6 Qd7 27. Nb4 Bb7 28. Bf1 f4 (28... Kh7 $14) 29. Nxd5 (29. Bc4 $16 Bd8 30. exf4) 29... Bxd5 $11 30. exf4 e3 31. fxe3 (31. Rxe3 $5 Rxe3 32. fxe3 $11) 31... Qg4 $1 32. e4 $1 Bxe4 (32... Bxb3 $2 33. Qxb3+ (33. Rxc7 $2 Qxg3+ 34. Bg2 Qe3+ 35. Kf1 Qxf4+ 36. Ke2 Bd5 $19) 33... Kh8 34. Rxc7 $18) 33. Qa2 Bxf4 34. Rf3+ $1 Kh8 35. Qh2+ Bh6 36. Rf4 Qd7 37. Bb2 ({White should play} 37. Rh4 $15) 37... Bh7 $2 (37... Qxa4 38. d5 Kg8 39. Qxh6 gxh6 40. Rc7 $18) (37... Kg8 $1 $19 38. Qh5 Bd5 (38... Bxf4 39. Bc4+ Re6 40. gxf4 $11)) 38. Rh4 $1 $15 (38. Bh3 $2 Qe7 (38... Qxa4 39. d5 $17) 39. Rff1 Be3+ 40. Kh1 Bxc1 41. Bxc1 Qe4+ 42. Bg2 Qe2 $19) 38... Qd6 (38... Qxa4 39. Rxh6 gxh6 40. Rc7 (40. d5+ Kg8 $18) (40. d5+ Kg8 $18)) (38... Qe6 $15 39. Kh1 Be4+ 40. Bg2 Bxg2+ 41. Qxg2 Kg8) 39. Rxh6 $14 Qxh6 40. Qxh6 gxh6 41. d5+ Kg8 42. Rc7 Bf5 43. g4 Bb1 $1 44. d6 Ba2 $2 ({Black should try} 44... Re4 $1 $14) 45. Bd3 $1 $18 Bf7 46. d7 Red8 47. Bf5 (47. Be4 $142 $1 Rab8 48. Be5) 47... Bb3 $2 {[%emt 0:00:26] [#]} (47... Bd5 $16) 48. Rc6 $1 $18 Bxa4 49. Rg6+ $2 (49. Be6+ Kf8 50. Ba3+ (50. Rxb6 Bxd7 51. Bd5 Rab8 $17) 50... Kg7 51. Rxb6 (51. Bb2+ Kf8 $11) 51... a5 $11 (51... Bxd7 52. Rb7 $11)) (49. Rxh6 $18 {White threatens Be6+ and mate.} Bxd7 50. Rh8+ (50. Rxb6 $2 Bxf5 51. gxf5 Rd5 $19) (50. Bxd7 Rxd7 51. Rh8+ Kf7 $11) 50... Kf7 51. Rh7+ Kf8 (51... Ke8 $2 52. Bg6+ Kf8 53. Ba3+ Kg8 54. Re7 $18) 52. Bxd7 (52. Rxd7 Rxd7 53. Bxd7 Rd8 $11)) 49... Kf7 $14 50. Rxh6 (50. Rxb6 Bxd7 51. Bg6+ Kg8 $17) (50. Rg7+ $14 Kf8 51. Rh7 Bxd7 52. Bxd7) 50... Bxd7 51. Rh7+ (51. Bxd7 $2 Rxd7 52. Rxb6 Rd5 $19) 51... Ke8 $2 {[%emt 0:00:23][%mdl 8192] [#]} (51... Kg8 $11 52. Bg6 (52. Rxd7 Rxd7 53. Bxd7 Rd8 $11) (52. Rg7+ Kf8 $11) 52... Kf8 53. Ba3+ Kg8) 52. Bxd7+ $2 ({White has to play} 52. Bg6+ $1 $18 Kf8 53. Ba3+ Kg8 54. Re7 (54. Bb2 Kf8 $18) 54... Bxg4 55. Bh7+ Kf8 56. Ra7+ (56. Rb7+ Rd6 $18) 56... Rd6 57. Bxd6+ Ke8 58. Bg6+ (58. Rxa8+ Kd7 $18) 58... Kd8 59. Rxa8+ Kd7 60. Bg3) 52... Rxd7 $11 53. Rh8+ Kf7 54. Rxa8 Rd1+ 55. Kf2 Rd2+ 56. Ke3 Rxb2 57. Rxa6 1/2-1/2

[Event "ESP-ch Teams Honor 2024"]
[Site "Melilla"]
[Date "2024.10.14"]
[Round "3.12"]
[White "Matnadze Bujiashvili, Ann"]
[Black "Khademalsharieh, Sarasadat"]
[Result "0-1"]
[ECO "A07"]
[WhiteElo "2309"]
[BlackElo "2478"]
[Annotator "TA"]
[PlyCount "86"]
[EventDate "2024.10.11"]
[EventType "team-tourn"]
[EventCountry "ESP"]
[SourceTitle "playchess.com"]
[Source "ChessBase"]
[SourceQuality "1"]
[WhiteTeam "Benalmadena"]
[BlackTeam "Silla"]
[TimeControl "5400+30"]

1. Nf3 d5 2. g3 g6 3. Bg2 c6 4. c4 dxc4 5. a4 Bg7 6. Na3 Qd5 7. O-O Nf6 8. Qc2 {[%emt 0:14:17] The position is equal.} Be6 9. h4 (9. Ne1 $11 Qh5 10. d4) 9... Qf5 10. Qc3 (10. Qxf5 $11 gxf5 11. Nd4) 10... Bd5 ({Black should play} 10... Nh5 $15 11. e4 Qxe4) 11. Nxc4 $11 O-O 12. d3 {[%emt 0:06:37] Repels Ne4} Qc8 13. Qc2 c5 14. Ne3 Be6 15. Ng5 Bd7 16. Bd2 Na6 17. Rfc1 Bc6 18. Qb3 Bxg2 19. Kxg2 b6 20. Kg1 Rb8 21. Qb5 Nc7 22. Qc4 Qd7 23. b4 h6 (23... Nfe8 {is interesting.} 24. Rab1 Nd6 25. Qa2 Na6) 24. Nf3 Nfd5 25. Rab1 cxb4 26. Bxb4 Rfc8 27. Bd2 Nxe3 $1 28. fxe3 Nd5 (28... Ne8 $5 29. Qf4 Rxc1+ 30. Rxc1 Nd6 $14) 29. Qb5 Qd6 (29... Qxb5 {simplifies} 30. Rxc8+ Rxc8 31. Rxb5 e6) 30. Kg2 (30. Rxc8+ $1 $11 Rxc8 31. Kg2) 30... Bc3 $1 $17 {[%emt 0:02:39] Strongly threatening ...Bxd2.} 31. e4 {[%emt 0:03:05] [#]} Rc5 32. Qb3 Bxd2 33. Nxd2 Ne3+ 34. Kf3 {[%emt 0:00:41] [#]} Nf5 {[%emt 0:00:15][%mdl 512] Black has more active pieces.} 35. exf5 Qc6+ 36. Ke3 (36. Ne4 $17 {was necessary.} Rxc1 37. fxg6) 36... Rxc1 $19 37. Rxc1 Qxc1 38. fxg6 {[%emt 0:00:05][%mdl 4096] Endgame. KQR-KQN} Rf8 39. d4 Qg1+ 40. Ke4 Qg2+ 41. Kf4 $2 (41. Qf3 Qh3 (41... Qxf3+ $2 42. Nxf3 fxg6 43. g4 $19) 42. gxf7+ Rxf7 43. Qh5) 41... Qxe2 42. Ne4 Kg7 43. Qb4 fxg6+ {[%emt 0:00:15] Weighted Error Value: White=0.72/Black=0.08 (flawless) .  Mistake:       	White=5     	Black=1      Inaccurate:     	White=4     	Black=3      OK:         	White=9     	Black=17     Best:        	White=4     	Black=2      Strong:       	---       	Black=2      Brilliant:      	---       	Black=1} 0-1

[Event "ESP-ch Teams Honor 2024"]
[Site "Melilla"]
[Date "2024.10.14"]
[Round "3.13"]
[White "Tabatabaei, M. Amin"]
[Black "Anton Guijarro, David"]
[Result "0-1"]
[ECO "D02"]
[WhiteElo "2702"]
[BlackElo "2667"]
[Annotator "TA"]
[PlyCount "165"]
[EventDate "2024.10.11"]
[EventType "team-tourn"]
[EventCountry "ESP"]
[SourceTitle "playchess.com"]
[Source "ChessBase"]
[SourceQuality "1"]
[WhiteTeam "Andreu"]
[BlackTeam "Casablanca"]
[TimeControl "5400+30"]

1. d4 Nf6 2. Nf3 d5 3. Bf4 e6 4. e3 Bd6 5. Bd3 Bxf4 6. exf4 Qd6 7. Qd2 b6 8. Nc3 c5 {[%emt 0:00:59] The position is equal.} 9. h4 a6 10. Ne5 Nc6 11. Nxc6 Qxc6 12. Be2 Bb7 13. Rh3 O-O 14. h5 h6 15. g4 cxd4 16. Qxd4 Qc5 17. O-O-O Qxd4 18. Rxd4 b5 19. a4 Bc6 20. a5 Ne8 21. Na2 Nd6 22. Nb4 Bb7 23. Re3 Rfe8 24. b3 Rac8 25. Kb2 Kf8 26. Rd1 Ne4 27. f3 Nd6 28. c3 Rc5 29. Nc2 Rc7 30. Nd4 Bc8 31. Re1 Bd7 32. Nc2 Bc8 33. Bd3 Nb7 34. b4 Nd6 (34... Nd8 $11) 35. Nd4 $14 Rce7 36. R3e2 Bb7 37. Kc2 Ba8 38. Re5 Bb7 39. g5 Nc4 (39... Bc8 $16 {might work better.}) 40. R5e2 (40. Bxc4 $18 {and the rest is easy.} bxc4 41. f5 hxg5 42. h6 (42. fxe6 f6 $18)) 40... e5 $16 41. Nf5 Re6 42. gxh6 gxh6 43. fxe5 Nxe5 44. Nd4 R6e7 45. Kd2 Bc8 (45... Nc4+ $1 $14 46. Bxc4 dxc4) 46. Re3 $2 (46. Rg1 $18) 46... Bd7 (46... Nc4+ $11 47. Bxc4 dxc4) 47. Bf1 (47. f4 $14 Nxd3 48. Kxd3) 47... Bc8 (47... Nc4+ $1 $11 48. Bxc4 dxc4) 48. Be2 ({White should play} 48. R3e2 $14) 48... Bd7 (48... Nc4+ $1 $11 49. Bxc4 dxc4) 49. Bd3 ({White should try} 49. f4 $14 Nc4+ 50. Bxc4 dxc4 51. Rxe7 Rxe7 52. Re5) 49... Bc8 50. R3e2 Bd7 51. Bb1 ({Better is} 51. f4 $14 Nxd3 52. Kxd3) 51... Nc4+ $11 52. Kd3 Ne5+ 53. Kd2 Nc4+ 54. Kd1 Ne3+ 55. Kc1 f5 (55... Ng2 $1 $11 {remains equal.} 56. Rxe7 (56. Rxg2 $2 Rxe1+ 57. Kb2 Rh1 $19) 56... Rxe7 57. Rxe7 Kxe7) 56. f4 $16 Kf7 $2 (56... Ng2 $16 57. Rxe7 (57. Rxg2 Rxe1+ 58. Kb2 Rf1 $15) 57... Rxe7) 57. Rg1 $18 Nc4 58. Rxe7+ Rxe7 59. Bxf5 Bxf5 60. Nxf5 {[%emt 0:00:02][%mdl 4096] Endgame. KRN-KRN} Re6 61. Nd4 Re3 62. Kc2 Rh3 63. Rg6 Rh2+ (63... Rxh5 $142 64. Rxa6 Rh2+ 65. Kd1 h5 66. Nxb5 h4) 64. Kd1 Rh3 65. Rxa6 Rxc3 66. Nf5 d4 67. Nxh6+ (67. Nxd4 Rd3+ 68. Ke2 Rxd4 $14) (67. Rxh6 Nb2+ 68. Ke1 d3 69. Rh7+ Ke6 70. Nd4+ Kd5 $18) 67... Ke8 68. Nf5 $2 (68. Ra8+ $1 $18 Kd7 69. Ng4 Rd3+ 70. Ke1) 68... d3 $16 {[%emt 0:00:31] [#] ...Ra3 would now be deadly.} 69. h6 (69. Nd6+ $1 $16 Kd7 70. Ne4 (70. Nxb5 $2 Rb3 $19)) 69... Ra3 $11 70. Ke1 $2 {[%emt 0:00:59][%mdl 8192] [#]} (70. Nd6+ $11 Kd7 71. Nxc4 (71. Nxb5 $2 Ra1#) 71... bxc4 72. Ra7+ Kd6 73. Ra8) 70... d2+ $1 $19 71. Ke2 {[%emt 0:00:00] [#]} Rd3 $3 72. Ng7+ Kf7 73. Kxd3 d1=Q+ 74. Ke4 Qe1+ 75. Kd5 Qxb4 76. Ne6 Ne3+ (76... Nxa5 77. Ng5+ Ke7 78. h7 Qc4+ (78... Qxf4 79. Ra7+ Kf6 80. h8=Q+ Kf5 81. Rf7+ Kg4 82. Qh3+ Kxg5 83. Rg7+ Kf6 84. Qc3+ Kf5 85. Qc8+ Kf6 86. Qf8#) 79. Ke5 Nc6+ 80. Kf5 $15 (80. Rxc6 $2 Qxc6 81. f5 Qh6 $19)) 77. Kc6 Kxe6 {[%emt 0:00:40] Black mates.} 78. h7 Qc3+ (78... Qxf4 $2 79. h8=Q (79. h8=R $2 Ke5 $19) 79... Qc4+ 80. Kb7+ Kd5 81. Qh5+ (81. Rb6 Nf5 $18) 81... Ke4 82. Rc6 $18) 79. Kb7+ Kd5 80. Rg6 Qh8 (80... Qxa5 81. h8=Q (81. h8=B $2 {too greedy.} Nc4 $19) 81... Nc4 82. Rg5+ Ke4 83. Qh1+ Kd4 84. Rd5+ Kc3 85. Qe1+ Kb3 86. Rd3+ (86. Qxa5 Nxa5+ 87. Kb6 Kc4 $18) 86... Ka2 87. Qxa5+ Nxa5+ 88. Kb6) 81. Rg5+ Kc4 82. Rh5 Nd5 83. f5 {[%emt 0:00:15] Weighted Error Value: White=0.19 (very precise) /Black=0.30.  Loses game:     	White=1     	Black=1      Missed win:     	White=2     	---        Mistake:       	White=6     	Black=8      Inaccurate:     	White=5     	Black=9      OK:         	White=26    	Black=22     Best:        	White=5     	Black=4      Strong:       	---       	Black=1} 0-1

[Event "ESP-ch Teams Honor 2024"]
[Site "Melilla"]
[Date "2024.10.14"]
[Round "3.14"]
[White "Vallejo Pons, Francisco"]
[Black "Van Foreest, Jorden"]
[Result "1/2-1/2"]
[ECO "C47"]
[WhiteElo "2653"]
[BlackElo "2697"]
[Annotator "TA"]
[PlyCount "33"]
[EventDate "2024.10.11"]
[EventType "team-tourn"]
[EventCountry "ESP"]
[SourceTitle "playchess.com"]
[Source "ChessBase"]
[SourceQuality "1"]
[WhiteTeam "Casablanca"]
[BlackTeam "Andreu"]
[TimeControl "5400+30"]

1. e4 e5 2. Nf3 Nc6 3. Nc3 Nf6 4. a3 d5 5. Bb5 Nxe4 {[%emt 0:02:03] Die Stellung ist ausgeglichen.} 6. Qe2 Qd6 7. Nxe4 dxe4 8. Qxe4 Bd7 $1 9. d4 O-O-O 10. dxe5 (10. Nxe5 $2 {zu gefräßig.} Nxe5 11. Bxd7+ (11. dxe5 $2 {führt zum Matt.} Qd1+ 12. Kxd1 Bg4+ 13. Ke1 Rd1#) 11... Nxd7 $19) 10... Nxe5 11. Bxd7+ Qxd7 {[%emt 0:00:54][%csl Gd8][%cal Rd7d1] [#]} 12. O-O Nxf3+ 13. Qxf3 Qd5 14. Qh3+ Qd7 15. Qf3 Qd5 16. Qh3+ Qd7 17. Qf3 {Hier war wenig los.   Gewichteter Fehlerwert: Weiß=0.00 (makellos) /Schwarz=0.00 (makellos) .  OK:         	Weiß=8     	Schwarz=3     Stark:        	---       	Schwarz=1} 1/2-1/2

[Event "ESP-ch Teams Honor 2024"]
[Site "Melilla"]
[Date "2024.10.14"]
[Round "3.15"]
[White "Vokhidov, Shamsiddin"]
[Black "Salgado Lopez, Ivan"]
[Result "1-0"]
[ECO "C54"]
[WhiteElo "2668"]
[BlackElo "2609"]
[Annotator "TA"]
[PlyCount "77"]
[EventDate "2024.10.11"]
[EventType "team-tourn"]
[EventCountry "ESP"]
[SourceTitle "playchess.com"]
[Source "ChessBase"]
[SourceQuality "1"]
[WhiteTeam "Andreu"]
[BlackTeam "Casablanca"]
[TimeControl "5400+30"]

1. e4 e5 2. Nf3 Nc6 3. Bc4 Bc5 4. c3 Nf6 5. d3 O-O 6. O-O d6 7. Re1 a5 8. Bg5 h6 9. Bh4 Ba7 {[%emt 0:00:21] White is slightly better.} 10. Nbd2 g5 11. Bg3 (11. Nxg5 $1 $14 {should be considered.} hxg5 12. Bxg5) 11... Nh7 $11 12. Nf1 h5 {[%emt 0:00:59] White must now prevent ...h4.} 13. h3 Qf6 (13... h4 $5 14. Bh2 $8 g4 15. hxg4 Bxg4 $11) 14. Ne3 Qg7 15. Bb5 Ne7 16. d4 g4 $1 17. hxg4 hxg4 18. Nh2 exd4 19. cxd4 f5 20. exf5 Nxf5 21. Nxf5 (21. Qxg4 $2 Qxg4 (21... Bxd4 22. Nxf5 Bxf5 23. Bc4+ Kh8 24. Qxg7+ Bxg7 25. Rad1 $11) 22. Nhxg4 Nxg3 (22... Nxd4 23. Bd3 $14) 23. fxg3 Bxd4 $19) 21... Bxf5 22. Bd3 Bxd3 23. Qxd3 Qxd4 (23... Bxd4 $6 24. Re6 Bf6 25. Rae1 $16) 24. Qb3+ Kh8 $1 25. Rad1 {[%emt 0:01:09] Dancing on a razor blade.} (25. Re7 {with more complications.} Qf6 26. Rxc7 Bxf2+ 27. Kh1) 25... Qg7 26. Qxb7 Nf6 27. Qb5 $36 {[%emt 0:02:47][%cal Od1c1][%mdl 2048] White fights for an advantage.} Bc5 28. Re2 Rab8 29. Qxa5 Nh5 30. Nf1 (30. Kh1 $1 $11 Rxb2 31. Rxb2 Nxg3+ 32. fxg3 Qxb2 33. Qxc7 (33. Nxg4 Qe2 $15)) 30... Ra8 $2 {[%emt 0:16:15] [#]} (30... Rxb2 $17 31. Be5 Rxe2 32. Bxg7+ Nxg7) 31. Qc3 ({White should play} 31. Qe1 $1 $16) 31... Nxg3 (31... Qxc3 $1 $11 {remains equal.} 32. bxc3 Rf5) 32. Qxg3 $16 (32. Nxg3 $6 Qxc3 33. bxc3 Bb6 $14) 32... Rxa2 $2 {[%emt 0:00:34] [#] This costs Black the game.} (32... Rf5 $16 {keeps fighting.} 33. Ne3 Re5) 33. Rd5 $1 $18 Qh6 {[%emt 0:05:54] Wards off Qh4} (33... Ra5) 34. Qc3+ {[%emt 0:03:10] White is clearly winning.} Kh7 35. Rxc5 dxc5 36. Re7+ (36. Qxc5 Qf4 $14) 36... Kg8 37. Qc4+ ({Not} 37. Qxc5 Qf4 $11 (37... Rxb2 $2 {perishes.} 38. Qd5+ Kh8 39. Qe5+ Kg8 40. Qxb2 $18)) (37. Rxc7 Qf6 38. Qxc5 Rxb2 $11) 37... Kh8 38. Qxa2 g3 39. f3 {[%emt 0:01:54] Weighted Error Value: White=0.14 (very precise) /Black=0.34.  Loses game:     	---       	Black=1      Mistake:       	White=3     	Black=3      Inaccurate:     	---       	Black=2      OK:         	White=10    	Black=9      Best:        	White=1     	---        Strong:       	White=1     	Black=2} (39. Rxc7 $2 gxf2#) ({Weaker is} 39. fxg3 Rxf1+ 40. Kxf1 Qf6+ 41. Kg1 Qxe7 $14) 1-0